 Dungeon Crawl Stone Soup version 0.23.2-1-ga50397a (webtiles) character file.

Game seed: 6117191087220252258

611 dvd the Chiller (level 7, -2/48 HPs)
             Began as a Demonspawn Ice Elementalist on May 3, 2019.
             Was a Follower of Uskayaw.
             Slain by a hound (6 damage)
             ... on level 4 of the Dungeon.
             The game lasted 00:13:35 (5744 turns).

dvd the Chiller (Demonspawn Ice Elementalist)       Turns: 5744, Time: 00:13:36

Health: -2/48      AC:  4    Str:  8    XL:     7   Next: 20%
Magic:  5/12       EV: 13    Int: 18    God:    Uskayaw [*.....]
Gold:   266        SH:  0    Dex: 14    Spells: 7/13 levels left

rFire    + . .     SeeInvis +   v - +0 hand axe
rCold    + . .     Gourm    .   (no shield)
rNeg     + . .     Faith    .   l - +1 robe {rN+}
rPois    .         Spirit   .   (no helmet)
rElec    .         Reflect  .   (no cloak)
rCorr    .         Harm     .   u - +0 pair of gloves
MR       .....                  (no boots)
Stlth    ++........             (no amulet)
HPRegen  0.16/turn              m - ring of protection from fire
MPRegen  0.13/turn              t - ring of see invisible

@: no status effects
A: claws 1, hooves 2, cold resistance 1, powered by pain 1
a: Stomp, Renounce Religion


You were on level 4 of the Dungeon.
You worshipped Uskayaw.
Uskayaw was noncommittal.
You were not hungry.

You visited 1 branch of the dungeon, and saw 4 of its levels.

You collected 266 gold pieces.

Inventory:

Hand Weapons
 h - a +0 dagger
 i - a +0 mace
 n - a +0 great mace
 s - a +1 dagger of venom
 v - a +0 hand axe (weapon)
Missiles
 y - 18 bolts
Armour
 l - a +1 robe of positive energy (worn)
 u - a +0 pair of gloves (worn)
Jewellery
 m - a ring of protection from fire (left hand)
 p - an uncursed ring of resist corrosion
 t - a ring of see invisible (right hand)
Scrolls
 b - a scroll of remove curse {unknown}
 f - 2 scrolls of magic mapping {unknown}
 j - 2 scrolls of noise {unknown}
 o - 5 scrolls of identify {unknown}
 r - a scroll of random uselessness {unknown}
 x - a scroll of enchant armour {unknown}
Potions
 a - 3 potions of haste
 d - a potion of flight {unknown}
 e - 2 potions of degeneration {unknown}
 g - 2 potions of mutation {unknown}
 k - 2 potions of ambrosia {unknown}
 q - 2 potions of berserk rage {unknown}
 w - 3 potions of curing {unknown}
 z - 2 potions of might {unknown}
 B - a potion of cancellation {unknown}
Comestibles
 c - 4 rations


   Skills:
 + Level 1.1 Fighting
 + Level 1.4(1.9) Axes
 + Level 1.7(2.1) Maces & Flails
 + Level 2.7 Dodging
 + Level 2.4 Stealth
 + Level 3.9 Spellcasting
 + Level 1.7 Conjurations
 + Level 0.1 Charms
 + Level 4.7 Ice Magic
 * Level 2.2 Invocations


You had 7 spell levels left.
You knew the following spells:

 Your Spells              Type           Power        Failure   Level  Hunger
a - Freeze                Ice            ###.         2%          1    None
b - Throw Frost           Conj/Ice       ###...       6%          2    ##.....
c - Ozocubu's Armour      Chrm/Ice       ##......     16%         3    ###....

Your spell library contained the following spells:

 Spells                   Type           Power        Failure   Level  Hunger
 Throw Icicle             Conj/Ice       ###.....     36%         4    ####...
 Summon Ice Beast         Ice/Summ       ##......     50%         4    ####...


Dungeon Overview and Level Annotations

Branches:
Dungeon (4/15)             Temple (0/1) D:4

Altars:
Elyvilon
Trog
Uskayaw
The Shining One


Innate Abilities, Weirdness & Mutations

You have sharp fingernails.
You have hoof-like feet.
Your flesh is cold resistant. (rC+)
You sometimes gain a little power by taking damage.


Message History

You stomp with the beat, sending a shockwave through the revelers around you!
The hound is heavily wounded.
You feel somewhat more hungry.
You can no longer stomp with the beat.
The hound bites you but does no damage.
You can now stomp with the beat.
Unknown command.
You hit the hound but do no damage. You kick the hound, but do no damage.
The hound is heavily wounded.
The hound misses you. The hound barely misses you.
You barely miss the hound. Your kick misses the hound.
The hound is heavily wounded.
The hound closely misses you. The hound bites you.
* * * LOW HITPOINT WARNING * * *
You hit the hound. You kick the hound.
The hound is almost dead.
The hound bites you.
* * * LOW HITPOINT WARNING * * *
The hound bites you.
You die...

###########
#####..........
#...........###
#.###.#####.#
#.# #.# #.###
##.###.# #....
###...##.#
#####
#...#..#.# #..
#@#....#.# #.#
#h###..#.# .#
#.# ..... . #.#
...## ## #.#
..#.. .. ...
##. # $.# ##
... #. #.


You could see a hound.

Vanquished Creatures
  3 hounds (D:4)
  An orc priest (D:3)
  A bullfrog skeleton (D:4)
  2 iguanas
  Jessica (D:2)
  Natasha (thrice) (D:2)
  Terence (D:2)
  4 worker ants
  4 gnolls (D:2)
  5 adders
  A worm (D:3)
  A dart slug (D:3)
  6 leopard geckos
  8 orcs
  4 giant cockroaches
  14 goblins
  13 hobgoblins
  7 jackals
  A quokka (D:4)
  4 bats
  5 frilled lizards
  7 kobolds (D:1)
  9 rats
105 creatures vanquished.

Notes
Turn   | Place    | Note
-------+----------+-------------------------------------------
     0 | D:1      | dvd the Demonspawn Ice Elementalist began the quest for the
                  | Orb.
     0 | D:1      | Reached XP level 1. HP: 13/13 MP: 3/3
   242 | D:1      | Reached skill level 3 in Ice Magic
   258 | D:1      | Gained mutation: You sometimes gain a little power by
                  | taking damage. [demonic ancestry]
   258 | D:1      | Reached XP level 2. HP: 16/19 MP: 0/5
   365 | D:1      | Learned a level 2 spell: Throw Frost
  1499 | D:2      | Gained mutation: You have large cloven feet. [demonic
                  | ancestry]
  1499 | D:2      | Reached XP level 3. HP: 24/24 MP: 3/6
  1562 | D:2      | Learned a level 3 spell: Ozocubu's Armour
  1573 | D:2      | Noticed Natasha
  2393 | D:2      | Noticed Jessica
  2554 | D:2      | Gained mutation: You have sharp fingernails. [demonic
                  | ancestry]
  2554 | D:2      | Reached XP level 4. HP: 20/30 MP: 1/8
  2653 | D:2      | Killed Natasha
  2683 | D:2      | Found a bloodstained altar of Trog.
  2699 | D:2      | Reached skill level 1 in Maces & Flails
  2723 | D:2      | Noticed Natasha
  2730 | D:2      | Killed Natasha
  2730 | D:2      | Reached skill level 4 in Ice Magic
  2730 | D:2      | Gained mutation: Your flesh is cold resistant. (rC+)
                  | [demonic ancestry]
  2730 | D:2      | Reached XP level 5. HP: 35/35 MP: 3/9
  2774 | D:2      | Noticed Natasha
  2783 | D:2      | Killed Natasha
  2826 | D:2      | Noticed Terence
  2841 | D:2      | Killed Terence
  2925 | D:2      | Killed Jessica
  3550 | D:3      | Found a white marble altar of Elyvilon.
  3590 | D:3      | Gained mutation: You have hoof-like feet. [demonic
                  | ancestry]
  3590 | D:3      | Reached XP level 6. HP: 42/42 MP: 2/11
  3689 | D:3      | Found a faded altar of an unknown god.
  3898 | D:3      | Became a worshipper of Uskayaw the Reveler
  3898 | D:3      | Reached * piety under Uskayaw
  3913 | D:3      | Reached ** piety under Uskayaw
  3935 | D:3      | Reached *** piety under Uskayaw
  3938 | D:3      | HP: 1/42 [orc priest/divine providence (12)]
  3938 | D:3      | Reached **** piety under Uskayaw
  5076 | D:4      | Reached skill level 1 in Invocations
  5099 | D:4      | Reached skill level 1 in Fighting
  5099 | D:4      | Reached skill level 1 in Axes
  5136 | D:4      | Found a glowing golden altar of the Shining One.
  5353 | D:4      | Reached XP level 7. HP: 39/48 MP: 8/12
  5497 | D:4      | Found a staircase to the Ecumenical Temple.
  5744 | D:4      | Slain by a hound

Skill      XL: |  1  2  3  4  5  6  7 |
---------------+----------------------+-----
Dodging        | 2 |  2.7
Ice Magic      | 3 4 |  4.7
Maces & Flails | 1 |  1.7
Spellcasting   | 3 |  3.9
Stealth        | 2 |  2.4
Invocations    | 1 2 |  2.2
Fighting       | 1 |  1.1
Axes           | 1 |  1.4
Conjurations   | |  1.7
Charms         | |  0.1

Action                   |  1- 3 |  4- 6 |  7- 9 || total
-------------------------+-------+-------+-------++-------
Melee: Unarmed           |     2 |       |       ||     2
       Mace              |    27 |    41 |       ||    68
       Kick              |     2 |    27 |     6 ||    35
       Hand axe          |       |    78 |    18 ||    96
 Cast: Freeze            |    55 |    33 |     8 ||    96
       Throw Frost       |     2 |    23 |     8 ||    33
       Ozocubu's Armour  |     1 |     5 |     1 ||     7
Invok: Stomp             |       |     1 |     1 ||     2
 Stab: Sleeping          |       |     3 |       ||     3
       Paralysed         |       |     7 |       ||     7
  Eat: Chunk             |     6 |    10 |     2 ||    18
Armor: Robe              |     7 |    76 |     5 ||    88
Dodge: Dodged            |    75 |   150 |    18 ||   243
